Map: [ESL] Royal Blood

Players

Ryung - Winner!

  • Race: Terran Terran
  • League: Master

TeebuL

  • Race: Protoss Protoss

Event: IEM Katowice 2023

VOD

Have the link to the VOD?

Description

Time

  • Played on: Feb. 8, 2023, 8:10 a.m.
  • Length: 11:59

All games in this series

Show
View Real Time Build Order
Export as new Build Order

Ryung Terran - Winner!

Build Orders: Reaper Expand 

Get SALT Encoding   

  12  0:00  SCV  
  13  0:12  SCV  
  14  0:17  Supply Depot  
  14  0:24  SCV  
  15  0:38  SCV  
  15  0:39  Barracks  
  16  0:43  Refinery  
  16  0:50  SCV  
  17  1:02  SCV  
  18  1:14  SCV  
  19  1:27  Orbital Command, Reaper  
  20  1:39  Command Center  
  20  1:48  Supply Depot  
  20  1:53  SCV  
  21  1:59  Marine  
  22  2:05  SCV  
  23  2:08  Factory  
  23  2:17  Marine, SCV  
  23  2:21  Bunker  
  25  2:26  Refinery  
  25  2:29  SCV  
  26  2:35  Barracks Reactor  
  26  2:41  SCV  
  27  2:52  Orbital Command  
  27  2:53  SCV  
  27  2:54  Starport  
  28  2:59  Widow Mine  
  28  3:05  SCV  
  31  3:11  Marine x2  
  33  3:17  SCV, Supply Depot  
  33  3:18  SCV  
  35  3:20  Factory Tech Lab  
  35  3:29  SCV  
  35  3:30  Viking, SCV  
  35  3:32  Marine  
  40  3:36  Marine  
  40  3:39  Cyclone  
  44  3:41  SCV  
  44  3:43  SCV  
  44  3:47  Supply Depot  
  46  3:52  Marine  
  46  3:54  Marine, SCV  
  50  3:55  SCV  
  50  4:00  Supply Depot  
  50  4:02  Liberator  
  53  4:08  SCV  
  53  4:09  SCV  
  55  4:15  Supply Depot  
  55  4:17  Refinery  
  55  4:20  SCV  
  55  4:21  Siege Tank, SCV  
  60  4:27  Barracks  
  60  4:32  SCV  
  60  4:34  Marine x2  
  63  4:39  SCV  
  63  4:43  Supply Depot  
  63  4:44  SCV  
  65  4:47  Starport Tech Lab  
  65  4:51  SCV, Supply Depot  
  65  4:56  SCV  
  65  4:57  Siege Tank  
  69  5:04  SCV  
  70  5:08  SCV  
  70  5:10  Raven  
  70  5:14  Supply Depot  
  73  5:16  SCV  
  73  5:18  Marine x2  
  73  5:20  SCV  
  77  5:21  Barracks, Barracks Tech Lab  
  77  5:26  Engineering Bay  
  77  5:28  SCV  
  78  5:31  Supply Depot  
  78  5:32  Refinery  
  78  5:34  Siege Tank  
  81  5:39  Marine  
  81  5:40  Marine  
  83  5:45  SCV x2  
  83  5:47  Stimpack  
  85  5:51  Starport Reactor  
  85  5:57  SCV x2  
  85  6:00  Command Center  
  85  6:01  Terran Infantry Weapons Level 1  
  86  6:09  Barracks  
  86  6:10  Barracks  
  86  6:15  Marine x2  
  86  6:16  Marine  
  86  6:17  Missile Turret  
  89  6:19  Combat Shield  
  89  6:20  Factory Reactor  
  89  6:21  Marine  
  89  6:25  Supply Depot  
  90  6:29  Medivac  
  90  6:32  Medivac  
  94  6:33  Marine  
  94  6:35  Supply Depot  
  94  6:37  Supply Depot  
  95  6:44  Marine  
  95  6:45  Marauder x2  
  100  6:49  SCV x2  
  100  6:51  Marine  
  103  7:01  Barracks Reactor  
  103  7:02  Widow Mine  
  103  7:03  Widow Mine  
  103  7:04  Medivac  
  103  7:06  Marauder x2  
  112  7:09  Medivac  
  112  7:11  Marine x2, Marauder  
  118  7:20  Orbital Command  
  117  7:24  Widow Mine x2  
  117  7:29  Marauder x2  
  125  7:35  Marine x2, Concussive Shells  
  125  7:36  Supply Depot x2  
  127  7:37  Missile Turret  
  127  7:38  Marine  
  127  7:39  Marine, Marauder  
  127  7:40  Orbital Command  
  131  7:45  Widow Mine x2  
  131  7:50  Marauder  
  137  7:53  SCV x2  
  137  7:54  Medivac  
  137  7:57  Terran Infantry Armor Level 1  
  137  7:58  Marine, Marauder  
  143  7:59  Marine x3  
  143  8:05  SCV x2  
  149  8:11  Ghost Academy, SCV  
  149  8:12  Refinery  
  150  8:13  Refinery  
  150  8:17  Marauder x2, SCV x2  
  150  8:18  Marine  
  157  8:20  Marine  
  157  8:23  SCV  
  157  8:26  Sensor Tower  
  158  8:29  Widow Mine x2  
  158  8:33  Marine x2  
  163  8:36  SCV x2  
  163  8:39  Supply Depot  
  163  8:40  SCV, Supply Depot  
  164  8:41  Ghost  
  164  8:43  Ghost  
  163  8:51  Ghost  
  163  8:52  Marine x4  
  163  8:55  SCV, Supply Depot  
  169  8:56  SCV  
  169  8:57  SCV  
  172  9:03  Medivac  
  172  9:04  Medivac  
  176  9:11  Ghost  
  176  9:14  SCV  
  176  9:15  Marine x4, Supply Depot  
  176  9:16  Marauder  
  185  9:20  Marauder  
  181  9:26  Widow Mine x2  
  180  9:32  Marine  
  180  9:38  Command Center, Marauder  
  183  9:40  Marauder  
  185  9:47  Armory  
  185  9:49  Marine x3, Ghost, Engineering Bay  
  185  9:51  Widow Mine  
  194  9:53  Widow Mine  
  188  10:15  Barracks  
  188  10:19  Barracks  
  188  10:20  Barracks  
  188  10:24  Marine x3, Marauder x2  
  188  10:25  Marauder  
  180  10:46  Marine, Marauder x3  
  180  10:47  Marine x2  
  180  10:48  Marine  
  184  10:55  Orbital Command  
  178  11:07  Marauder x2  
  178  11:08  Barracks Tech Lab, Barracks Reactor  
  178  11:09  Barracks Tech Lab  
  182  11:14  Marine  
  182  11:15  Marine x3, Marauder  
  188  11:19  Medivac  
  190  11:28  Marauder  
  190  11:29  Marauder  
  190  11:32  Marine, Marauder  
  188  11:33  Marauder  
Show
View Real Time Build Order
Export as new Build Order

TeebuL Protoss 

Build Orders: 1 Gate Expand, Blink Stalkers 

Get SALT Encoding   

  12  0:00  Probe  
  13  0:12  Probe  
  14  0:17  Pylon  
  14  0:24  Probe (Chrono Boost)  
  16  0:36  Probe (Chrono Boost)  
  16  0:37  Gateway  
  16  0:43  Probe (Chrono Boost)  
  16  0:49  Assimilator  
  17  0:50  Probe  
  18  1:03  Probe  
  19  1:15  Probe  
  20  1:24  Cybernetics Core  
  20  1:33  Nexus  
  20  1:39  Pylon  
  20  1:40  Probe  
  21  1:47  Assimilator  
  21  1:52  Probe  
  22  1:57  Adept (Chrono Boost)  
  24  2:01  Warp Gate  
  24  2:05  Probe  
  25  2:17  Probe  
  25  2:20  Adept  
  28  2:29  Probe  
  29  2:30  Pylon  
  29  2:41  Probe  
  30  2:46  Probe  
  30  2:50  Robotics Facility, Adept  
  33  2:53  Probe  
  34  3:03  Gateway  
  34  3:06  Gateway  
  34  3:10  Probe x2 (Chrono Boost)  
  36  3:22  Probe x2 (Chrono Boost), Twilight Council  
  36  3:27  Probe x2 (Chrono Boost)  
  39  3:36  Probe, Warp Prism (Chrono Boost)  
  39  3:37  Probe  
  43  3:45  Pylon  
  43  3:48  Probe (Chrono Boost)  
  44  3:55  Blink (Chrono Boost), Probe (Chrono Boost)  
  45  3:58  Probe (Chrono Boost)  
  46  4:08  Probe  
  47  4:11  Stalker x2  
  47  4:13  Probe  
  52  4:20  Probe  
  53  4:26  Probe  
  53  4:30  Nexus  
  54  4:31  Stalker  
  54  4:32  Probe  
  54  4:35  Pylon  
  57  4:51  Assimilator  
  57  4:52  Pylon  
  57  4:53  Probe  
  57  4:58  Stalker x2  
  62  5:01  Pylon  
  56  5:09  Gateway  
  56  5:11  Gateway  
  56  5:12  Gateway  
  54  5:16  Probe  
  54  5:17  Probe  
  54  5:19  Stalker  
  58  5:26  Stalker  
  58  5:28  Probe  
  61  5:29  Probe  
  61  5:31  Charge (Chrono Boost)  
  61  5:33  Stalker  
  64  5:40  Probe  
  64  5:41  Probe  
  64  5:42  Stalker  
  67  5:47  Probe  
  68  5:54  Probe  
  68  5:56  Probe  
  70  6:02  Zealot x2  
  70  6:04  Probe  
  75  6:06  Probe  
  75  6:07  Dark Shrine  
  75  6:08  Probe  
  77  6:11  Pylon  
  77  6:12  Stalker  
  77  6:16  Probe  
  80  6:18  Probe  
  80  6:20  Probe  
  80  6:21  Zealot x3  
  80  6:25  Zealot x2  
  90  6:28  Probe  
  90  6:30  Pylon  
  90  6:31  Pylon  
  93  6:36  Probe  
  94  6:40  Gateway  
  94  6:43  Probe  
  95  6:50  Pylon, Zealot x4  
  95  6:51  Sentry  
  95  6:52  Zealot  
  107  6:57  Robotics Facility  
  107  6:59  Probe  
  107  7:00  Pylon, Probe  
  109  7:02  Probe  
  110  7:10  Zealot  
  110  7:11  Zealot x3  
  118  7:18  Probe x2  
  118  7:22  Forge  
  120  7:34  Probe  
  120  7:37  Nexus  
  121  7:41  Zealot x6  
  133  7:45  Pylon  
  133  7:46  Pylon  
  133  7:52  Robotics Bay  
  133  7:53  Protoss Ground Weapons Level 1 (Chrono Boost)  
  133  8:02  Robotics Facility  
  133  8:09  Probe  
  133  8:10  Probe x2  
  134  8:21  Zealot, Shadow Stride (Chrono Boost), Probe  
  134  8:22  Probe x2  
  139  8:29  Gateway  
  139  8:30  Gateway  
  139  8:34  Probe x3  
  143  8:42  Disruptor (Chrono Boost)  
  143  8:46  Probe  
  144  8:51  Pylon, Disruptor (Chrono Boost)  
  144  8:52  Pylon, Extended Thermal Lance (Chrono Boost)  
  144  8:53  Pylon  
  150  9:07  Zealot  
  150  9:08  Assimilator x2, Zealot x6, Disruptor (Chrono Boost)  
  162  9:14  Nexus  
  162  9:17  Gateway  
  162  9:19  Gateway  
  162  9:23  Disruptor (Chrono Boost)  
  141  9:39  Disruptor (Chrono Boost)  
  141  9:41  Zealot x8  
  141  9:44  Nexus  
  159  9:46  Protoss Ground Weapons Level 2 (Chrono Boost)  
  158  9:53  Forge  
  156  10:07  Probe  
  156  10:09  Probe x2  
  157  10:17  Pylon  
  155  10:23  Zealot x5, Dark Templar x4  
  155  10:24  Zealot  
  155  10:26  Disruptor (Chrono Boost)  
  119  10:52  Zealot x6  
  131  10:58  Disruptor x2  
  137  11:05  Zealot x4  
  143  11:16  Zealot x6  
  150  11:22  Nexus  
  86  11:42  Zealot x10  

Tags
 
Add a new tag
Caveats
  • Supply blocks, unpowered buildings, or Contaminate may cause inaccurate times.
  • Supply counts are checked every 10 seconds.